 Dungeon Crawl Stone Soup version 0.20.1-1-g8b1a95d (webtiles) character file.

99322 equalderp2856 the Severer (level 15, -10/134 HPs)
             Began as a Minotaur Fighter on Oct 7, 2017.
             Mangled by a merfolk impaler
             ... wielding a +5 trident of freezing
              (21 damage)
             ... on level 2 of the Shoals on Oct 11, 2017.
             The game lasted 01:52:12 (41092 turns).

equalderp2856 the Severer (Minotaur Fighter)       Turns: 41092, Time: 01:52:14

Health: -10/134    AC: 22    Str: 22    XL:     15   Next: 77%
Magic:  16/22      EV: 15    Int:  9    God:
Gold:   2308       SH: 20    Dex: 11    Spells: 18/25 levels left

rFire    . . .     SeeInvis .   R - +0 war axe (elec)
rCold    + + .     Gourm    .   c - +0 shield
rNeg     . . .     Faith    .   V - +4 scale mail {rC+}
rPois    .         Spirit   .   (helmet restricted)
rElec    .         Reflect  +   l - +0 cloak {rC+}
rCorr    .         Harm     .   o - +2 pair of gloves
MR       ++...                  X - +2 pair of boots
Stlth    ..........             x - +6 amulet of reflection
Regen    0.4/turn               p - ring of protection from magic
MPRegen  0.2/turn               J - +2 ring of evasion

@: very slightly contaminated, very slow
A: retaliatory headbutt, horns 2
a: no special abilities


You were on level 2 of the Shoals.
You were not hungry.

You visited 5 branches of the dungeon, and saw 24 of its levels.
You also visited: Ice Cave.

You collected 2749 gold pieces.
You spent 441 gold pieces at shops.

Inventory:

Hand Weapons
 a - a +1 war axe
 q - a +0 battleaxe of freezing
 u - a +0 trident of freezing
 R - a +0 war axe of electrocution (weapon)
Armour
 c - a +0 shield (worn)
 l - a +0 cloak of cold resistance (worn)
 o - a +2 pair of gloves (worn)
 t - a scarf of resistance
 F - a +1 chain mail of magic resistance
 M - a +0 plate armour
 O - the +3 scale mail "Goocaqou" {+Fly rPois rF+ MR+}
   (You bought it in a shop on level 2 of the Orcish Mines)

   It protects you from fire.
   It protects you from poison.
   It affects your resistance to hostile enchantments.
   It lets you fly.
 P - a +2 plate armour of cold resistance
 Q - a +1 pair of gloves
 S - a +8 plate armour of ponderousness
 V - a +4 scale mail of cold resistance (worn)
 X - a +2 pair of boots (worn)
Jewellery
 p - a ring of protection from magic (left hand)
 x - a +6 amulet of reflection (around neck)
 G - an uncursed amulet of rage
 I - an uncursed ring of see invisible
 J - a +2 ring of evasion (right hand)
Wands
 e - a wand of confusion (4/48)
 H - a wand of polymorph (2/24)
 T - a wand of paralysis (24/24)
 W - a wand of polymorph (0/24)
Scrolls
 b - a scroll of acquirement
 h - 5 scrolls of remove curse
 j - a scroll of vulnerability {unknown}
 k - a scroll of blinking
 m - 6 scrolls of fear
 y - 2 scrolls of enchant armour
 A - 7 scrolls of teleportation
 C - 2 scrolls of fog
 D - 2 scrolls of summoning
 E - 3 scrolls of recharging
 U - a scroll of identify
Potions
 d - 3 potions of might
 g - 3 potions of flight
 i - a potion of heal wounds
 n - 2 potions of agility
 r - 4 potions of lignification
 s - 2 potions of mutation
 w - 4 potions of brilliance
 z - 2 potions of resistance
 B - 4 potions of haste
 L - 4 potions of berserk rage
 N - 11 potions of curing
Miscellaneous
 K - a sack of spiders
 Y - a box of beasts
 Z - a lightning rod (4/4)
Comestibles
 f - 17 bread rations
 v - 6 meat rations


   Skills:
 + Level 12.4 Fighting
 + Level 16.5(17.0) Axes
 + Level 7.0(12.9) Polearms
 + Level 12.4 Armour
 + Level 5.8 Dodging
 + Level 2.0 Stealth
 + Level 15.8 Shields
 * Level 5.6 Spellcasting
 * Level 6.1 Charms
 + Level 4.0 Air Magic
 + Level 1.4 Evocations


You had 18 spell levels left.
You knew the following spells:

 Your Spells              Type           Power        Failure   Level  Hunger
a - Swiftness             Chrm/Air       ##......     9%          2    ##.....
b - Blink                 Tloc           N/A          58%         2    ##.....
c - Animate Skeleton      Necr           N/A          43%         1    None
d - Passwall              Tmut/Erth      #.........   58%         2    ##.....


Dungeon Overview and Level Annotations

Branches:
Dungeon (12/15)            Temple (0/1) D:4            Lair (6/6) D:10
 Shoals (3/4) Lair:2       Spider (1/4) Lair:3        Slime (0/5) Lair:5
    Orc (2/2) D:12            Elf (0/3) Orc:2

Altars:
Ashenzari
Qazlal
Ru
Zin
The Shining One
Jiyva

Shops:
D:6 :   D:8 }   Orc:2 :[=*%(

Annotations:
D:2 2 transporters
Lair:5 1 runed door
Shoals:3 Nikola


Innate Abilities, Weirdness & Mutations

You reflexively headbutt those who attack you in melee.
You have a pair of horns on your head.


Message History

The merfolk impaler hits you from afar with a trident of freezing.
* * * LOW HITPOINT WARNING * * *
The snapping turtle closely misses you.
Unknown command.
With effort, you pull free of the water engulfing you.
You gasp with relief as air once again reaches your lungs.
You block the merfolk impaler's attack. The water elemental barely misses you.
You block the merfolk impaler's attack. You block the snapping turtle's attack.
The water nymph touches you. The water nymph drowns you!
* * * LOW HITPOINT WARNING * * *
The water elemental barely misses you. You block the merfolk impaler's attack.
The snapping turtle bites you from afar.
* * * LOW HITPOINT WARNING * * *
The water nymph touches you. The water nymph drowns you!
* * * LOW HITPOINT WARNING * * *
The merfolk impaler closely misses you.
Unknown command.
You block the snapping turtle's attack. You block the water elemental's attack.
The merfolk impaler hits you from afar with a trident of freezing!!
You die...

≈≈≈≈≈≈≈ ....≈....≈≈≈≈≈≈≈≈≈≈≈≈≈≈
≈≈≈≈≈≈≈ ≈...≈...≈≈≈≈≈≈≈≈≈≈≈≈≈≈≈
≈≈≈≈≈≈≈ ≈.....≈≈.≈≈≈≈≈≈≈≈≈≈≈≈≈≈≈
≈≈≈≈≈≈≈ ≈. #...≈≈..≈≈≈≈≈≈≈≈≈≈≈≈≈
≈≈≈≈≈≈≈≈ ≈≈.##..≈≈≈≈≈≈≈≈≈≈≈≈≈≈≈≈≈
≈≈≈≈≈≈≈. ≈≈≈≈≈≈≈≈≈≈≈≈≈≈≈≈≈≈≈≈≈≈≈≈
≈≈≈≈≈≈≈..≈≈≈≈≈≈≈≈≈t≈≈≈≈≈≈≈≈≈≈≈≈≈≈
≈≈≈≈≈≈≈≈≈≈≈≈≈≈≈≈.≈m≈≈≈≈≈≈≈≈≈≈≈≈≈≈
≈≈≈≈≈≈≈≈≈≈≈≈.≈≈≈@E≈≈≈≈≈≈≈≈≈≈≈≈≈≈≈
≈≈≈≈≈≈≈≈≈≈≈≈.≈≈≈≈m≈≈≈≈≈≈≈≈≈≈≈≈≈≈≈
≈≈≈≈≈≈≈≈≈≈≈≈≈≈≈≈≈≈≈≈≈≈≈≈≈≈≈......
≈≈≈≈≈≈≈≈≈≈≈≈≈≈≈≈≈≈≈≈≈≈≈..........
..≈≈≈≈≈≈≈≈≈≈≈≈≈≈≈≈≈≈≈≈≈≈.##>.../#
...≈≈≈≈≈≈≈≈≈≈≈≈≈≈≈≈≈≈≈≈≈..#%.####
#..≈≈≈≈≈≈≈≈≈≈≈≈≈≈≈≈≈≈≈≈≈≈....#
#..≈≈≈≈≈≈≈≈≈≈≈≈≈≈≈≈≈≈≈≈≈..####
#..≈≈≈≈≈≈≈≈≈≈≈≈≈≈≈≈≈≈≈....#####


You could see a merfolk impaler, a snapping turtle, a water elemental and a
water nymph.

Vanquished Creatures
  A frost giant (IceCv)
  3 orc warlords
  An emperor scorpion (Lair:3)
  2 stone giants
  An entropy weaver (Lair:3)
  An ettin (Shoals:1)
  A merfolk impaler (Shoals:1)
  The ghost of Haldmier the Unseen, a journeyman SpEn of Ashenzari (Lair:6)
  6 hydras
  Erolcha (Orc:1)
  Harold (Orc:1)
  The ghost of Rhok the Carver, a journeyman VSFi of Okawaru (Lair:3)
  An anaconda (Lair:6)
  2 merfolk aquamancers
  5 death yaks
  2 two-headed ogres
  5 orc high priests (Orc:2)
  Nergalle (Orc:1)
  An unseen horror (D:12)
  A death drake (Shoals:1)
  5 sea snakes
  Pikel (D:8)
  5 orc knights
  3 orb spiders (Spider:1)
  4 wolf spiders (Spider:1)
  3 orc sorcerers
  2 ugly things
  4 fauns (Shoals:1)
  4 elephants (Lair:6)
  A moth of wrath (Spider:1)
  9 manticores
  3 water nymphs
  6 black mambas
  A torpor snail (Lair:5)
  2 merfolk sirens
  2 ice statues (IceCv)
  A gargoyle (D:11)
  4 rime drakes
  17 spiny frogs
  6 komodo dragons
  4 demonic crawlers (Spider:1)
  2 ice devils (Orc:2)
  4 merfolk
  16 polar bears
  A troll (Orc:1)
  A wind drake (Shoals:1)
  9 jumping spiders (Spider:1)
  14 hippogriffs
  14 blink frogs
  6 snapping turtles
  18 redbacks
  5 water elementals
  A spriggan (D:9)
  A shadow (D:12)
  A wyvern (Lair:2)
  42 yaks
  3 tarantellas (Spider:1)
  3 hungry ghosts
  6 basilisks
  Menkaure (D:5)
  5 wargs (Orc:2)
  15 water moccasins
  A soldier ant (D:8)
  Duvessa (D:5)
  2 phantoms
  10 porcupines
  4 sky beasts
  An eye of draining (D:10)
  39 orc warriors
  3 black bears
  15 ogres
  20 wolves
  2 centaurs
  2 big kobolds
  16 crocodiles
  11 bullfrogs
  A gnoll sergeant (Orc:1)
  Dowan (D:5)
  A wyvern zombie (D:11)
  8 killer bees
  2 scorpions
  2 howler monkeys
  An electric eel (Lair:6)
  A bullfrog zombie (D:9)
  4 jellies
  7 crimson imps
  5 hounds
  A gnoll shaman (Orc:1)
  16 orc priests
  2 centaur skeletons
  20 orc wizards
  4 iguanas
  11 worker ants
  A hound zombie (D:8)
  A howler monkey zombie (D:7)
  2 worker ant zombies
  5 gnolls (Orc:1)
  9 adders
  3 shadow imps
  An adder skeleton (D:6)
  2 worms
  2 dart slugs
  7 leopard geckos
  88 orcs
  A ball python (D:1)
  8 bats
  8 giant cockroaches
  6 goblins
  9 hobgoblins
  5 jackals (D:1)
  8 quokkas
  A ball python skeleton (D:4)
  5 frilled lizards
  15 kobolds
  A quokka skeleton (D:5)
  5 rats
  3 fungi
  6 plants
709 creatures vanquished.

Vanquished Creatures (others)
  Nessos (Lair:6)
  A slave (D:8)
  A centaur (D:8)
  An orc priest (Orc:2)
  2 orcs
  20 fungi
  4 plants
30 creatures vanquished.

Grand Total: 739 creatures vanquished

Notes
Turn   | Place    | Note
-------+----------+-------------------------------------------
     0 | D:1      | equalderp2856 the Minotaur Fighter began the quest for the Orb.
     0 | D:1      | Reached XP level 1. HP: 19/19 MP: 0/0
   116 | D:1      | Reached XP level 2. HP: 26/27 MP: 1/1
   446 | D:1      | Reached XP level 3. HP: 30/33 MP: 2/2
   680 | D:1      | Reached skill level 3 in Axes
   864 | D:2      | Noticed a hungry ghost
   865 | D:2      | Found a glowing silver altar of Zin.
   869 | D:2      | Found a transporter.
   884 | D:2      | Found a transporter.
  1008 | D:2      | Reached XP level 4. HP: 37/40 MP: 3/3
  1562 | D:3      | Reached skill level 4 in Axes
  1618 | D:3      | Found a shattered altar of Ashenzari.
  1952 | D:3      | Reached XP level 5. HP: 45/46 MP: 4/4
  2128 | D:4      | Found a stormy altar of Qazlal.
  2190 | D:4      | Reached skill level 5 in Shields
  2466 | D:4      | Found a staircase to the Ecumenical Temple.
  2475 | D:4      | Reached skill level 5 in Axes
  2550 | D:4      | Noticed an ogre
  2563 | D:4      | Killed an ogre
  2563 | D:4      | Reached skill level 5 in Armour
  2563 | D:4      | Reached skill level 1 in Dodging
  2563 | D:4      | Reached XP level 6. HP: 13/52 MP: 5/5
  2883 | D:4      | Found a glowing golden altar of the Shining One.
  2942 | D:5      | Entered Level 5 of the Dungeon
  3132 | D:5      | Noticed Dowan
  3133 | D:5      | Noticed Duvessa
  3144 | D:5      | Killed Duvessa
  3144 | D:5      | Reached skill level 6 in Axes
  3144 | D:5      | Reached XP level 7. HP: 51/60 MP: 6/6
  3149 | D:5      | Killed Dowan
  3229 | D:5      | Noticed Menkaure
  3237 | D:5      | Killed Menkaure
  3308 | D:5      | Reached skill level 5 in Fighting
  3316 | D:5      | Reached skill level 7 in Axes
  4211 | D:5      | Reached XP level 8. HP: 57/68 MP: 7/7
  4327 | D:6      | Reached skill level 8 in Axes
  4617 | D:6      | Reached skill level 9 in Axes
  4634 | D:6      | Found Vusteg's Book Shop.
  5527 | D:7      | Noticed a hippogriff
  5535 | D:7      | Killed a hippogriff
  5535 | D:7      | Reached XP level 9. HP: 59/75 MP: 8/8
  5803 | D:7      | Found a sacrificial altar of Ru.
  5953 | D:7      | Reached skill level 10 in Axes
  6204 | D:8      | Found Yqif's Gadget Boutique.
  6317 | D:8      | Noticed Pikel
  6355 | D:8      | Killed Pikel
  6355 | D:8      | Reached skill level 1 in Stealth
  7300 | D:9      | Reached skill level 11 in Axes
  7464 | D:9      | Reached XP level 10. HP: 86/86 MP: 9/9
  7524 | D:9      | Noticed a two-headed ogre
  7562 | D:8      | Killed a two-headed ogre
  8187 | D:10     | Entered Level 10 of the Dungeon
  8764 | D:10     | Found a staircase to the Lair.
  8772 | D:10     | Reached skill level 12 in Axes
  8800 | Lair:1   | Entered Level 1 of the Lair of Beasts
  8827 | Lair:1   | Noticed a four-headed hydra
  9812 | D:10     | Killed a five-headed hydra
  9812 | D:10     | Reached skill level 10 in Shields
  9812 | D:10     | Reached skill level 1 in Evocations
 10548 | Lair:1   | Found a stormy altar of Qazlal.
 10857 | Lair:1   | Noticed a spiny frog
 10889 | Lair:1   | Killed a spiny frog
 10889 | Lair:1   | Reached XP level 11. HP: 85/95 MP: 10/10
 11329 | Lair:2   | Found a staircase to the Shoals.
 11986 | Lair:2   | Reached skill level 13 in Axes
 12143 | Lair:2   | Noticed Urug
 12192 | Lair:2   | Noticed Urug
 12192 | Lair:2   | Urug changed into Urug the water nymph
 12222 | Lair:2   | Killed Urug the water nymph
 12882 | Lair:2   | You fall through a shaft for 2 floors!
 13433 | Lair:3   | Reached skill level 10 in Armour
 13513 | Lair:3   | Noticed Rhok's ghost (journeyman VSFi)
 13546 | Lair:3   | Reached XP level 12. HP: 90/105 MP: 11/11
 13558 | Lair:2   | Reached skill level 14 in Axes
 13802 | Lair:3   | Killed Rhok's ghost
 14118 | Lair:1   | Identified a scroll of acquirement
 14186 | Lair:1   | Learned a level 2 spell: Swiftness
 14210 | Shoals:1 | Entered Level 1 of the Shoals
 14303 | Shoals:1 | Reached skill level 1 in Air Magic
 14351 | Shoals:1 | Reached skill level 1 in Charms
 14358 | Shoals:1 | HP: 7/156 [poisoned by a death drake (dark miasma)]
 14361 | Shoals:1 | HP: 3/104 [poisoned by a death drake (dark miasma)]
 14366 | Shoals:1 | HP: 3/104 [poisoned by a death drake (dark miasma)]
 14371 | Shoals:1 | HP: 2/104 [poisoned by a death drake (dark miasma)]
 14379 | Shoals:1 | HP: 2/104 [poisoned by a death drake (dark miasma)]
 14857 | Shoals:1 | Reached skill level 1 in Spellcasting
 14864 | Shoals:1 | Reached skill level 5 in Dodging
 14887 | Shoals:1 | Reached skill level 10 in Fighting
 15882 | Shoals:1 | Noticed a merfolk aquamancer
 15911 | Shoals:1 | Noticed an alligator snapping turtle
 15912 | Shoals:1 | Noticed a merfolk javelineer
 15922 | Shoals:1 | HP: 5/106 [poisoned by a sea snake]
 15928 | Shoals:1 | HP: 5/106 [poisoned by a sea snake]
 16301 | Shoals:1 | Noticed a merfolk impaler
 16322 | Shoals:1 | Killed a merfolk impaler
 17003 | Lair:2   | Reached XP level 13. HP: 65/114 MP: 15/15
 18362 | Lair:2   | Noticed an acid blob
 18362 | Lair:2   | an alligator snapping turtle changed into an acid blob
 19492 | Lair:3   | Found a hole to the Spider Nest.
 20408 | Lair:4   | Reached skill level 5 in Polearms
 20994 | Lair:5   | Found a runed door.
 20998 | Lair:5   | Found a viscous altar of Jiyva.
 20998 | Lair:5   | Found a staircase to the Slime Pits.
 22445 | Lair:6   | Entered Level 6 of the Lair of Beasts
 22445 | Lair:6   | Noticed Haldmier's ghost (journeyman SpEn)
 22505 | Lair:6   | Killed Haldmier's ghost
 22526 | Lair:6   | Noticed Nessos
 22539 | Lair:6   | Killed Nessos
 22539 | Lair:6   | Reached skill level 15 in Axes
 24013 | Lair:6   | Reached XP level 14. HP: 122/122 MP: 18/18
 28621 | D:12     | Found a staircase to the Orcish Mines.
 28787 | Orc:1    | Entered Level 1 of the Orcish Mines
 28790 | Orc:1    | Noticed Harold
 28813 | Orc:1    | Killed Harold
 29557 | Orc:2    | Entered Level 2 of the Orcish Mines
 29579 | Orc:2    | Found a frozen archway.
 29639 | IceCv    | Entered an ice cave
 30462 | IceCv    | Noticed a frost giant
 30490 | IceCv    | Killed a frost giant
 30569 | IceCv    | Got a transparent great sword
 30578 | IceCv    | Identified the cursed +1 great sword "Osiabina" {flame, rC+ Str+3 Dex+4 Stlth+} (You found it in an ice cave)
 30751 | IceCv    | Reached skill level 16 in Axes
 30751 | IceCv    | Reached skill level 15 in Shields
 31182 | Orc:2    | Found Liys's Food Shoppe.
 31203 | Orc:2    | Noticed a stone giant
 31226 | Orc:2    | Found a staircase to the Elven Halls.
 31227 | Orc:2    | Found Cack's Antique Weapon Shop.
 31231 | Orc:2    | Found Wifar's Jewellery Boutique.
 31240 | Orc:2    | Found Xekli's General Store.
 32097 | D:12     | Killed a stone giant
 32410 | Orc:1    | Reached skill level 5 in Charms
 33015 | Orc:2    | Noticed a stone giant
 33029 | Orc:2    | Noticed an orc warlord
 33037 | Orc:2    | Killed a stone giant
 33549 | Orc:2    | Killed an orc warlord
 33549 | Orc:2    | Reached XP level 15. HP: 111/132 MP: 19/21
 33629 | Orc:2    | Noticed an orc warlord
 33825 | Orc:1    | Killed an orc warlord
 34044 | Orc:2    | Found Ritautha's Antique Armour Emporium.
 34232 | Orc:2    | Found Tommutoim's Book Shoppe.
 34365 | Orc:2    | Bought a glowing war axe for 234 gold pieces
 34517 | Orc:2    | Bought a transparent scale mail for 207 gold pieces
 34527 | Orc:2    | Identified the +3 scale mail "Goocaqou" {+Fly rPois rF+ MR+} (You bought it in a shop on level 2 of the Orcish Mines)
 34671 | Orc:1    | Noticed Erolcha
 34677 | Orc:1    | Killed Erolcha
 34690 | Orc:1    | Noticed Nergalle
 34705 | Orc:1    | Killed Nergalle
 34994 | Orc:1    | Noticed an orc warlord
 35224 | Orc:1    | Killed an orc warlord
 35224 | Orc:1    | Reached skill level 5 in Spellcasting
 37453 | Shoals:3 | Noticed Nikola
 37572 | Spider:1 | Entered Level 1 of the Spider Nest
 38990 | Spider:1 | Learned a level 2 spell: Blink
 39555 | Spider:1 | Learned a level 1 spell: Animate Skeleton
 41004 | Shoals:2 | Learned a level 2 spell: Passwall
 41092 | Shoals:2 | Mangled by a merfolk impaler

Skill      XL: |  1  2  3  4  5  6  7  8  9 10 11 12 13 14 15 |
---------------+----------------------------------------------+-----
Shields        | 4 5 6 7 8 10 12 13 14 15 | 15.8
Axes           | 3 4 5 6 7 9 11 12 13 14 15 16 | 16.5
Armour         | 4 5 6 8 10 11 12 | 12.4
Fighting       | 4 5 7 8 9 10 11 12 | 12.4
Dodging        | 1 2 3 4 5 |  5.8
Stealth        | 1 2 |  2.0
Polearms       | 3 4 7 |  7.0
Evocations     | 1 |  1.4
Air Magic      | 2 3 4 |  4.0
Charms         | 2 3 5 6 |  6.1
Spellcasting   | 2 3 4 5 |  5.6

Action                   |  1- 3 |  4- 6 |  7- 9 | 10-12 | 13-15 || total
-------------------------+-------+-------+-------+-------+-------++-------
Melee: War axe           |   107 |   110 |   256 |   664 |  1745 ||  2882
       Headbutt          |    13 |    20 |    56 |   175 |   454 ||   718
       Spear             |       |       |       |    26 |       ||    26
       Trident           |       |       |       |   111 |   251 ||   362
 Cast: Swiftness         |       |       |       |       |     6 ||     6
       Blink             |       |       |       |       |     4 ||     4
Evoke: Wand              |       |       |     6 |     7 |    18 ||    31
       Lightning rod     |       |       |       |       |     4 ||     4
  Use: Scroll            |       |     7 |       |    13 |    17 ||    37
       Potion            |       |       |       |     3 |     6 ||     9
  Eat: Chunk             |       |     7 |    12 |    26 |    43 ||    88
       Fruit             |       |       |     2 |     5 |     5 ||    12
       Royal jelly       |       |       |     1 |     1 |     8 ||    10
       Meat ration       |       |       |       |       |     3 ||     3
Armor: Scale mail        |    46 |    22 |    58 |   122 |   221 ||   469
       Plate armour      |       |       |       |    95 |   365 ||   460
       Skin              |       |       |       |     5 |       ||     5
Dodge: Dodged            |    23 |    35 |    53 |   147 |   572 ||   830
Block: Shield            |    90 |    90 |   200 |   637 |  1375 ||  2392
       Reflection        |     2 |     2 |     6 |    21 |    47 ||    78
       Other             |       |       |       |       |   107 ||   107
